[Event "World Senior chT-65 2019"]
[Site "Rhodes"]
[Date "2019.04.20"]
[Round "5.43"]
[White "Bhopal, Raj"]
[Black "Lundgren, Ulf"]
[Result "1-0"]
[ECO "C86"]
[WhiteElo "1900"]
[BlackElo "1964"]
[Annotator "NA"]
[PlyCount "85"]
[EventDate "2019.04.16"]
[EventType "team-tourn"]
[EventCountry "GRE"]
[SourceTitle "playchess.com"]
[Source "ChessBase"]
[SourceQuality "1"]
[WhiteTeam "Scotland"]
[BlackTeam "Sweden"]
[WhiteTeamCountry "SCO"]
[BlackTeamCountry "SWE"]
[TimeControl "40/5400+30:1800+30"]

1. e4 e5 2. Nf3 Nc6 3. Bb5 a6 4. Ba4 Nf6 5. O-O b5 6. Bb3 Be7 7. Qe2 d6 8. c3 O-O 9. Rd1 Bg4 10. h3 Bh5 11. d3 Na5 12. Bc2 c5 13. Nbd2 Nc6 14. Nf1 b4 15. g4 Bg6 16. Ng3 a5 17. Nh4 Ne8 18. Nhf5 Bg5 19. Bxg5 Qxg5 20. h4 Qd8 21. Ba4 Rc8 22. Kg2 Bxf5 23. Nxf5 g6 24. Nh6+ Kg7 25. g5 f6 26. h5 fxg5 27. hxg6 hxg6 28. Rh1 Nf6 29. Qe3 Nh5 30. Nf5+ Kf6 31. Rxh5 gxh5 32. Rh1 Rh8 33. Ng3 Kg6 34. Bb3 Qf6 35. Nxh5 Qf8 36. Qh3 Re8 37. Ba4 Qf7 38. Qf5+ Qxf5 39. exf5+ Kf7 40. Bxc6 Rd8 41. Bd5+ Kf8 42. c4 Rd7 43. Nf6 1-0

[Event "World Senior chT-65 2019"]
[Site "Rhodes"]
[Date "2019.04.20"]
[Round "5.44"]
[White "Andersson, Sven-Olof"]
[Black "Dawson, Alastair"]
[Result "1-0"]
[ECO "E64"]
[WhiteElo "1904"]
[BlackElo "1817"]
[Annotator "NA"]
[PlyCount "83"]
[EventDate "2019.04.16"]
[EventType "team-tourn"]
[EventCountry "GRE"]
[SourceTitle "playchess.com"]
[Source "ChessBase"]
[SourceQuality "1"]
[WhiteTeam "Sweden"]
[BlackTeam "Scotland"]
[WhiteTeamCountry "SWE"]
[BlackTeamCountry "SCO"]
[TimeControl "40/5400+30:1800+30"]

1. d4 Nf6 2. Nf3 c5 3. d5 d6 4. g3 g6 5. Bg2 Bg7 6. c4 O-O 7. Nc3 Na6 8. O-O Nc7 9. e4 Rb8 10. a4 b6 11. Re1 a6 12. e5 Nd7 13. exd6 exd6 14. Bg5 Nf6 15. Qd2 Bf5 16. Nh4 Qd7 17. Nxf5 Qxf5 18. Re7 Nfe8 19. Rae1 f6 20. Bh6 Rf7 21. Bxg7 Kxg7 22. Rxf7+ Kxf7 23. Qh6 Qh5 24. Qxh5 gxh5 25. Be4 h6 26. Bd3 Ng7 27. h4 f5 28. Kg2 Kf6 29. Kf3 Rf8 30. Kf4 Rf7 31. Nd1 Kg6 32. Ne3 Re7 33. Ra1 a5 34. Rg1 Re5 35. g4 hxg4 36. Nxg4 Nh5+ 37. Kf3 Re7 38. Ne3+ Kf6 39. Nxf5 Rd7 40. Nxh6 Ng7 41. Rg6+ Ke5 42. Ke3 1-0

[Event "World Senior chT-65 2019"]
[Site "Rhodes"]
[Date "2019.04.20"]
[Round "5.45"]
[White "Maki, Christer"]
[Black "Harestad, Thor Geir"]
[Result "0-1"]
[ECO "B20"]
[WhiteElo "1885"]
[BlackElo "2200"]
[Annotator "NA"]
[PlyCount "26"]
[EventDate "2019.04.16"]
[EventType "team-tourn"]
[EventCountry "GRE"]
[SourceTitle "playchess.com"]
[Source "ChessBase"]
[SourceQuality "1"]
[WhiteTeam "Sweden"]
[BlackTeam "Norway"]
[WhiteTeamCountry "SWE"]
[BlackTeamCountry "NOR"]
[TimeControl "40/5400+30:1800+30"]

1. e4 c5 2. g3 d5 3. exd5 Qxd5 4. Qf3 Nf6 5. Nc3 Qxf3 6. Nxf3 a6 7. Bg2 Nc6 8. a3 Bg4 9. Ne2 e6 10. d3 Be7 11. h3 Bh5 12. O-O O-O 13. Be3 Rac8 0-1

[Event "World Senior chT-65 2019"]
[Site "Rhodes"]
[Date "2019.04.20"]
[Round "5.46"]
[White "Steedman, James"]
[Black "Dalling, Peter"]
[Result "1-0"]
[ECO "E12"]
[WhiteElo "2127"]
[BlackElo "1830"]
[Annotator "NA"]
[PlyCount "79"]
[EventDate "2019.04.16"]
[EventType "team-tourn"]
[EventCountry "GRE"]
[SourceTitle "playchess.com"]
[Source "ChessBase"]
[SourceQuality "1"]
[WhiteTeam "Norway"]
[BlackTeam "Sweden"]
[WhiteTeamCountry "NOR"]
[BlackTeamCountry "SWE"]
[TimeControl "40/5400+30:1800+30"]

1. d4 Nf6 2. Nf3 d5 3. c4 e6 4. Bg5 Be7 5. e3 O-O 6. Nc3 Nbd7 7. Rc1 b6 8. Bd3 Bb7 9. O-O c5 10. cxd5 Nxd5 11. Bxe7 Qxe7 12. Bb1 Nxc3 13. bxc3 Nf6 14. Ne5 Rfd8 15. Qe2 Rac8 16. Rfd1 g6 17. Qb2 Nh5 18. g4 Ng7 19. e4 Qg5 20. f3 h5 21. h3 hxg4 22. hxg4 Nh5 23. Rc2 Nf4 24. Rh2 Ba8 25. Kf2 Kf8 26. Rh7 Rc7 27. Rdh1 Qf6 28. Qb5 cxd4 29. Rh8+ Ke7 30. Rxd8 Kxd8 31. cxd4 g5 32. Qb4 Qg7 33. Qd6+ Kc8 34. Ke3 Qg8 35. Kd2 f6 36. Nd3 Rc6 37. Qe7 Nxd3 38. Bxd3 f5 39. Rh7 Qd8 40. Ba6+ 1-0

[Event "World Senior chT-65 2019"]
[Site "Rhodes"]
[Date "2019.04.20"]
[Round "5.47"]
[White "Palsson, Bertil"]
[Black "Melkeraen, Terje"]
[Result "0-1"]
[ECO "A26"]
[WhiteElo "1785"]
[BlackElo "2006"]
[Annotator "NA"]
[PlyCount "77"]
[EventDate "2019.04.16"]
[EventType "team-tourn"]
[EventCountry "GRE"]
[SourceTitle "playchess.com"]
[Source "ChessBase"]
[SourceQuality "1"]
[WhiteTeam "Sweden"]
[BlackTeam "Norway"]
[WhiteTeamCountry "SWE"]
[BlackTeamCountry "NOR"]
[TimeControl "40/5400+30:1800+30"]

1. c4 Nf6 2. Nf3 g6 3. g3 Bg7 4. Bg2 O-O 5. O-O d6 6. Nc3 Nc6 7. d3 e5 8. Rb1 Nh5 9. Bg5 f6 10. Bd2 f5 11. e4 f4 12. Nd5 Ne7 13. Bc3 c6 14. Nxe7+ Qxe7 15. b3 c5 16. Rc1 Be6 17. Rc2 Rf7 18. Qe2 Raf8 19. Qd1 h6 20. Rc1 Kh7 21. Rc2 Bf6 22. Rc1 Rg7 23. Nd2 fxg3 24. hxg3 Bg5 25. Rb1 Rgf7 26. Nf3 Bf6 27. Nh2 Bg5 28. Bd2 Kg7 29. Qc1 Bxd2 30. Qxd2 g5 31. Qe2 Nf6 32. Bf3 Qd7 33. Qe3 Bh3 34. Bg2 Kg6 35. Rbc1 Kh7 36. Rce1 Be6 37. Rc1 Ng8 38. Bf3 Ne7 39. Bh5 0-1

[Event "World Senior chT-65 2019"]
[Site "Rhodes"]
[Date "2019.04.21"]
[Round "6.2"]
[White "Berkovich, Mark A"]
[Black "Balashov, Yuri S"]
[Result "1/2-1/2"]
[ECO "E07"]
[WhiteElo "2332"]
[BlackElo "2470"]
[Annotator "ChessBase"]
[PlyCount "52"]
[EventDate "2019.04.16"]
[EventType "team-tourn"]
[EventCountry "GRE"]
[SourceTitle "playchess.com"]
[Source "ChessBase"]
[SourceQuality "1"]
[WhiteTeam "Israel"]
[BlackTeam "Russia"]
[WhiteTeamCountry "ISR"]
[BlackTeamCountry "RUS"]
[TimeControl "40/5400+30:1800+30"]

1. d4 Nf6 2. Nf3 e6 3. g3 d5 4. Bg2 Be7 5. c4 O-O 6. Nbd2 Nbd7 7. O-O b6 8. cxd5 exd5 9. Ne5 Bb7 10. Ndf3 c5 11. Bf4 Ne4 12. Qa4 Nxe5 13. Nxe5 Qe8 14. Qxe8 Rfxe8 15. dxc5 Bxc5 16. Nd3 Bd4 17. Rad1 Rac8 18. Bc1 Bf6 19. e3 d4 20. Rfe1 dxe3 21. Bxe3 h6 22. Nf4 Bc6 23. Bd4 Red8 24. Bxf6 Rxd1 25. Rxd1 Nxf6 26. Rc1 Bd7 1/2-1/2

[Event "World Senior chT-65 2019"]
[Site "Rhodes"]
[Date "2019.04.21"]
[Round "6.3"]
[White "Rashkovsky, Nukhim N"]
[Black "Maryasin, Boris"]
[Result "1-0"]
[ECO "E14"]
[WhiteElo "2488"]
[BlackElo "2297"]
[Annotator "ChessBase"]
[PlyCount "107"]
[EventDate "2019.04.16"]
[EventType "team-tourn"]
[EventCountry "GRE"]
[SourceTitle "playchess.com"]
[Source "ChessBase"]
[SourceQuality "1"]
[WhiteTeam "Russia"]
[BlackTeam "Israel"]
[WhiteTeamCountry "RUS"]
[BlackTeamCountry "ISR"]
[TimeControl "40/5400+30:1800+30"]

1. d4 Nf6 2. Nf3 e6 3. c4 d5 4. e3 b6 5. Nc3 Bb7 6. Qa4+ c6 7. cxd5 exd5 8. Bd3 Bd6 9. e4 dxe4 10. Nxe4 Be7 11. O-O O-O 12. Nxf6+ Bxf6 13. Be4 Qd6 14. g3 Na6 15. Bf4 Qd7 16. Rac1 b5 17. Qc2 c5 18. dxc5 Nxc5 19. Bxb7 Nxb7 20. Rfd1 Qg4 21. Qe4 Na5 22. Ne5 Qe6 23. Qd5 Nc4 24. Qxe6 fxe6 25. Nxc4 bxc4 26. Rxc4 Bxb2 27. Rc6 e5 28. Be3 a5 29. a4 Rac8 30. Rdd6 Bc3 31. Kf1 Bb4 32. Re6 Rxc6 33. Rxc6 Kf7 34. Ke2 Rd8 35. g4 Rd7 36. h4 h6 37. Kf3 Rd1 38. Ke4 Ra1 39. Kf5 Rxa4 40. Rc7+ Kg8 41. g5 hxg5 42. hxg5 Ra3 43. Rc8+ Kf7 44. g6+ Ke7 45. Rg8 Rc3 46. Rxg7+ Kf8 47. Rb7 Rc8 48. Bg5 e4 49. Kxe4 Bc3 50. f4 Ra8 51. f5 a4 52. f6 a3 53. Bh6+ Kg8 54. Rg7+ 1-0

[Event "World Senior chT-65 2019"]
[Site "Rhodes"]
[Date "2019.04.21"]
[Round "6.4"]
[White "Lederman, Leon"]
[Black "Zhelnin, Vladimir V"]
[Result "0-1"]
[ECO "B93"]
[WhiteElo "2281"]
[BlackElo "2429"]
[Annotator "NA"]
[PlyCount "63"]
[EventDate "2019.04.16"]
[EventType "team-tourn"]
[EventCountry "GRE"]
[SourceTitle "playchess.com"]
[Source "ChessBase"]
[SourceQuality "1"]
[WhiteTeam "Israel"]
[BlackTeam "Russia"]
[WhiteTeamCountry "ISR"]
[BlackTeamCountry "RUS"]
[TimeControl "40/5400+30:1800+30"]

1. e4 c5 2. Nf3 d6 3. d4 cxd4 4. Nxd4 Nf6 5. Nc3 a6 6. f4 e5 7. Nf3 Qc7 8. Bd3 Be7 9. O-O O-O 10. Qe1 Be6 11. fxe5 dxe5 12. Nh4 Nbd7 13. Nf5 Bxf5 14. Rxf5 Nc5 15. Qg3 Nxd3 16. cxd3 Rad8 17. Kh1 Qd6 18. Rxe5 Rfe8 19. Rg5 Bf8 20. Qxd6 Bxd6 21. Rf5 Be5 22. Bf4 Bxc3 23. bxc3 Rxd3 24. Re5 Rxe5 25. Bxe5 Nxe4 26. Rc1 f6 27. Bd4 b5 28. a3 Kf7 29. Kg1 Ke6 30. Kf1 Kd5 31. Ke2 Kc4 32. Rb1 0-1

[Event "World Senior chT-65 2019"]
[Site "Rhodes"]
[Date "2019.04.21"]
[Round "6.5"]
[White "Karason, Askell O"]
[Black "Westerinen, Heikki M.J."]
[Result "1/2-1/2"]
[ECO "E90"]
[WhiteElo "2252"]
[BlackElo "2286"]
[Annotator "NA"]
[PlyCount "79"]
[EventDate "2019.04.16"]
[EventType "team-tourn"]
[EventCountry "GRE"]
[SourceTitle "playchess.com"]
[Source "ChessBase"]
[SourceQuality "1"]
[WhiteTeam "Iceland"]
[BlackTeam "Finland"]
[WhiteTeamCountry "ISL"]
[BlackTeamCountry "FIN"]
[TimeControl "40/5400+30:1800+30"]

1. Nf3 Nf6 2. c4 g6 3. d4 Bg7 4. Nc3 O-O 5. e4 d6 6. h3 e5 7. d5 Na6 8. Bg5 h6 9. Be3 Nc5 10. Nd2 a5 11. g4 c6 12. Be2 Bd7 13. h4 Ne8 14. Qc2 Nc7 15. h5 g5 16. f3 cxd5 17. cxd5 b5 18. Nb3 Nxb3 19. Qxb3 Qb8 20. Kf2 a4 21. Qd1 b4 22. Nb1 Nb5 23. Nd2 Nd4 24. Bc4 Rc8 25. Rc1 Ra5 26. Bd3 Rxc1 27. Qxc1 Rc5 28. Qb1 Qc7 29. b3 axb3 30. Nxb3 Nxb3 31. axb3 Rc3 32. Rc1 Bf6 33. Rxc3 bxc3 34. b4 Ba4 35. b5 c2 36. Qb2 Bd8 37. b6 c1=Q 38. Qxc1 Qxc1 39. Bxc1 Bxb6+ 40. Ke2 1/2-1/2

[Event "World Senior chT-65 2019"]
[Site "Rhodes"]
[Date "2019.04.21"]
[Round "6.6"]
[White "Rantanen, Yrjo A."]
[Black "Gudmundsson, Kristjan"]
[Result "1/2-1/2"]
[ECO "B93"]
[WhiteElo "2283"]
[BlackElo "2268"]
[Annotator "NA"]
[PlyCount "84"]
[EventDate "2019.04.16"]
[EventType "team-tourn"]
[EventCountry "GRE"]
[SourceTitle "playchess.com"]
[Source "ChessBase"]
[SourceQuality "1"]
[WhiteTeam "Finland"]
[BlackTeam "Iceland"]
[WhiteTeamCountry "FIN"]
[BlackTeamCountry "ISL"]
[TimeControl "40/5400+30:1800+30"]

1. e4 c5 2. Nf3 d6 3. d4 cxd4 4. Nxd4 Nf6 5. Nc3 a6 6. f4 Qc7 7. a4 b6 8. Bd3 Bb7 9. O-O Nbd7 10. Kh1 g6 11. Qe1 Bg7 12. Nf3 e5 13. fxe5 dxe5 14. Qh4 O-O 15. Be3 Rae8 16. Nd2 Nh5 17. Nc4 Bc6 18. Qf2 Rb8 19. Nd5 Bxd5 20. exd5 f5 21. Qd2 f4 22. Bg1 e4 23. Be2 e3 24. Qb4 Ne5 25. Rad1 Nxc4 26. Bxc4 Qe5 27. Be2 a5 28. Qb3 Qxb2 29. g4 fxg3 30. Rxf8+ Rxf8 31. Qxb2 Bxb2 32. Bxh5 gxh5 33. Bxe3 b5 34. Bd4 Bxd4 35. Rxd4 b4 36. d6 gxh2 37. Rd5 Rd8 38. Kxh2 Kf7 39. Kg3 Ke6 40. Rxa5 Rxd6 41. Rxh5 Rc6 42. Rxh7 Kd5 1/2-1/2

[Event "World Senior chT-65 2019"]
[Site "Rhodes"]
[Date "2019.04.21"]
[Round "6.7"]
[White "Viglundsson, Bjorgvin"]
[Black "Hurme, Harri"]
[Result "1-0"]
[ECO "D91"]
[WhiteElo "2170"]
[BlackElo "2148"]
[Annotator "NA"]
[PlyCount "91"]
[EventDate "2019.04.16"]
[EventType "team-tourn"]
[EventCountry "GRE"]
[SourceTitle "playchess.com"]
[Source "ChessBase"]
[SourceQuality "1"]
[WhiteTeam "Iceland"]
[BlackTeam "Finland"]
[WhiteTeamCountry "ISL"]
[BlackTeamCountry "FIN"]
[TimeControl "40/5400+30:1800+30"]

1. c4 g6 2. d4 Nf6 3. Nc3 d5 4. Nf3 Bg7 5. Bg5 Ne4 6. Bh4 Nxc3 7. bxc3 c5 8. cxd5 Qxd5 9. e3 cxd4 10. cxd4 Nc6 11. Be2 Qa5+ 12. Qd2 Qxd2+ 13. Kxd2 O-O 14. Rac1 e6 15. Rc2 Bd7 16. Rb1 b6 17. Ba6 Na5 18. Rc7 Bc8 19. Bxc8 Rfxc8 20. Rbc1 Rxc7 21. Rxc7 h6 22. Be7 b5 23. Bc5 a6 24. Kc3 Nc4 25. Nd2 Nxd2 26. Kxd2 Bf6 27. Kd3 h5 28. h3 h4 29. e4 Kg7 30. Rb7 Kg8 31. g3 hxg3 32. fxg3 Bg7 33. g4 Bf6 34. d5 exd5 35. exd5 Rc8 36. Bd4 Bxd4 37. Kxd4 Kg7 38. g5 Rc2 39. d6 Rxa2 40. Kc5 Rc2+ 41. Kb6 b4 42. d7 Rd2 43. Kc7 Rc2+ 44. Kb8 Rd2 45. Kc8 Rc2+ 46. Rc7 1-0

[Event "World Senior chT-65 2019"]
[Site "Rhodes"]
[Date "2019.04.21"]
[Round "6.8"]
[White "Kivimaki, Jaakko"]
[Black "Halldorsson, Bragi"]
[Result "1-0"]
[ECO "D04"]
[WhiteElo "2165"]
[BlackElo "2112"]
[Annotator "NA"]
[PlyCount "100"]
[EventDate "2019.04.16"]
[EventType "team-tourn"]
[EventCountry "GRE"]
[SourceTitle "playchess.com"]
[Source "ChessBase"]
[SourceQuality "1"]
[WhiteTeam "Finland"]
[BlackTeam "Iceland"]
[WhiteTeamCountry "FIN"]
[BlackTeamCountry "ISL"]
[TimeControl "40/5400+30:1800+30"]

1. Nf3 d5 2. d4 Nf6 3. e3 Bg4 4. Nbd2 Nbd7 5. h3 Bh5 6. g4 Bg6 7. Nh4 e6 8. Nxg6 hxg6 9. Bg2 c5 10. O-O Bd6 11. Re1 Qb6 12. e4 Nxe4 13. Nxe4 dxe4 14. d5 exd5 15. Qxd5 Nf6 16. Qb3 O-O 17. g5 Nh5 18. Qxb6 axb6 19. Rxe4 Rfe8 20. Be3 Rxe4 21. Bxe4 Nf4 22. Bxb7 Nxh3+ 23. Kg2 Rb8 24. Kxh3 Rxb7 25. Rd1 Be7 26. a4 f6 27. f4 Kf7 28. c4 Ke6 29. Kg4 Ra7 30. b3 Ra8 31. Re1 Kf7 32. Rd1 Ke6 33. Bf2 Bd6 34. Rh1 Be7 35. Rh7 Kf7 36. gxf6 Bxf6 37. Rh3 Be7 38. Rd3 Ke6 39. Rd5 Ra7 40. Be1 Ra8 41. Bc3 Bf6 42. Be5 Rd8 43. Bxf6 Rxd5 44. cxd5+ Kxf6 45. d6 Ke6 46. Kg5 Kxd6 47. Kxg6 Kd5 48. Kxg7 Ke4 49. Kf6 Kxf4 50. Ke6 Ke4 {[%emt 0:01:05] Kd5+} 1-0

[Event "World Senior chT-65 2019"]
[Site "Rhodes"]
[Date "2019.04.21"]
[Round "6.9"]
[White "Boehnisch, Manfred"]
[Black "Knaak, Rainer"]
[Result "0-1"]
[ECO "C48"]
[WhiteElo "2287"]
[BlackElo "2482"]
[Annotator "ChessBase"]
[PlyCount "80"]
[EventDate "2019.04.16"]
[EventType "team-tourn"]
[EventCountry "GRE"]
[SourceTitle "playchess.com"]
[Source "ChessBase"]
[SourceQuality "1"]
[WhiteTeam "Germany"]
[BlackTeam "Germany"]
[WhiteTeamCountry "GER"]
[BlackTeamCountry "GER"]
[TimeControl "40/5400+30:1800+30"]

1. e4 Nc6 2. Nc3 e5 3. Nf3 Nf6 4. Bb5 Nd4 5. Bc4 Bc5 6. d3 d6 7. Nxd4 Bxd4 8. Ne2 Bb6 9. O-O c6 10. Bb3 h6 11. c3 O-O 12. Be3 d5 13. exd5 Nxd5 14. Bxb6 axb6 15. d4 e4 16. c4 Nf6 17. Nc3 Bg4 18. Qd2 Qd6 19. h3 Bh5 20. Qe3 Rfe8 21. d5 Nd7 22. Nxe4 Qg6 23. f3 f5 24. dxc6 bxc6 25. Qd2 fxe4 26. c5+ Kh8 27. Qxd7 Rad8 28. Qc7 Rd2 29. g4 Qg5 30. Qg3 Qxc5+ 31. Kh1 Bg6 32. f4 e3 33. f5 Bh7 34. Rae1 Bg8 35. Bxg8 Kxg8 36. f6 Qd5+ 37. Kg1 gxf6 38. Rxf6 Kg7 39. Qf3 Rxb2 40. a4 Qd2 0-1

[Event "World Senior chT-65 2019"]
[Site "Rhodes"]
[Date "2019.04.21"]
[Round "6.10"]
[White "Vogt, Lothar"]
[Black "Beltz, Robert"]
[Result "1-0"]
[ECO "B14"]
[WhiteElo "2362"]
[BlackElo "2158"]
[Annotator "NA"]
[PlyCount "43"]
[EventDate "2019.04.16"]
[EventType "team-tourn"]
[EventCountry "GRE"]
[SourceTitle "playchess.com"]
[Source "ChessBase"]
[SourceQuality "1"]
[WhiteTeam "Germany"]
[BlackTeam "Germany"]
[WhiteTeamCountry "GER"]
[BlackTeamCountry "GER"]
[TimeControl "40/5400+30:1800+30"]

1. c4 c6 2. e4 d5 3. exd5 cxd5 4. d4 Nf6 5. Nc3 e6 6. Nf3 Be7 7. c5 O-O 8. Bd3 Nc6 9. a3 a5 10. Na4 Ne4 11. Nb6 Ra7 12. O-O Bf6 13. Be3 g6 14. Bxe4 dxe4 15. Nd2 Bxd4 16. Nxe4 Bxb2 17. Qxd8 Rxd8 18. Rad1 Rf8 19. Nd6 Ne7 20. Bg5 f6 21. Bh6 Rd8 22. Bc1 1-0

[Event "World Senior chT-65 2019"]
[Site "Rhodes"]
[Date "2019.04.21"]
[Round "6.11"]
[White "Baumbach, Friedrich"]
[Black "Kiefer, Gerhard"]
[Result "1/2-1/2"]
[ECO "E97"]
[WhiteElo "2089"]
[BlackElo "2279"]
[Annotator "NA"]
[PlyCount "57"]
[EventDate "2019.04.16"]
[EventType "team-tourn"]
[EventCountry "GRE"]
[SourceTitle "playchess.com"]
[Source "ChessBase"]
[SourceQuality "1"]
[WhiteTeam "Germany"]
[BlackTeam "Germany"]
[WhiteTeamCountry "GER"]
[BlackTeamCountry "GER"]
[TimeControl "40/5400+30:1800+30"]

1. d4 Nf6 2. c4 g6 3. Nc3 Bg7 4. e4 d6 5. Nf3 O-O 6. Be2 e5 7. O-O Nc6 8. d5 Ne7 9. b4 Nh5 10. Re1 f5 11. Ng5 Nf6 12. Bf3 c6 13. Ba3 h6 14. Ne6 Bxe6 15. dxe6 Qc7 16. Rc1 Rfd8 17. Qb3 Qc8 18. c5 d5 19. exd5 Nfxd5 20. Bxd5 cxd5 21. Nb5 Rb8 22. Nxa7 Qxe6 23. b5 Rd7 24. c6 bxc6 25. Nxc6 Nxc6 26. Rxc6 Qxc6 27. bxc6 Rxb3 28. cxd7 Rb8 29. Be7 1/2-1/2

[Event "World Senior chT-65 2019"]
[Site "Rhodes"]
[Date "2019.04.21"]
[Round "6.12"]
[White "Buchal, Stephan"]
[Black "Just, Joachim"]
[Result "1/2-1/2"]
[ECO "B30"]
[WhiteElo "2283"]
[BlackElo "1970"]
[Annotator "NA"]
[PlyCount "46"]
[EventDate "2019.04.16"]
[EventType "team-tourn"]
[EventCountry "GRE"]
[SourceTitle "playchess.com"]
[Source "ChessBase"]
[SourceQuality "1"]
[WhiteTeam "Germany"]
[BlackTeam "Germany"]
[WhiteTeamCountry "GER"]
[BlackTeamCountry "GER"]
[TimeControl "40/5400+30:1800+30"]

1. e4 e6 2. d3 c5 3. Nf3 Nc6 4. g3 g6 5. Bg5 Qc7 6. Bg2 Bg7 7. c3 b6 8. O-O h6 9. Be3 Bb7 10. d4 Nce7 11. Nbd2 d6 12. Re1 Rd8 13. Qe2 g5 14. h3 Ng6 15. e5 N8e7 16. exd6 Rxd6 17. dxc5 bxc5 18. Qb5+ Bc6 19. Qxc5 O-O 20. Qxa7 Bb7 21. Nc4 Ra8 22. Qxb7 Qxb7 23. Nxd6 Qb8 1/2-1/2

[Event "World Senior chT-65 2019"]
[Site "Rhodes"]
[Date "2019.04.21"]
[Round "6.13"]
[White "Herzog, Adolf"]
[Black "Faibisovich, Vadim Z"]
[Result "0-1"]
[ECO "D02"]
[WhiteElo "2337"]
[BlackElo "2302"]
[Annotator "NA"]
[PlyCount "80"]
[EventDate "2019.04.16"]
[EventType "team-tourn"]
[EventCountry "GRE"]
[SourceTitle "playchess.com"]
[Source "ChessBase"]
[SourceQuality "1"]
[WhiteTeam "Austria"]
[BlackTeam "Russia"]
[WhiteTeamCountry "AUT"]
[BlackTeamCountry "RUS"]
[TimeControl "40/5400+30:1800+30"]

1. d4 Nf6 2. Nf3 e6 3. Bf4 c5 4. c3 d5 5. e3 Bd6 6. Bg3 Nc6 7. Nbd2 O-O 8. Bd3 g6 9. Qe2 c4 10. Bc2 b5 11. a3 Bb7 12. Bh4 Be7 13. Bg5 a5 14. h4 b4 15. h5 b3 16. Bb1 Nxh5 17. g4 Bxg5 18. gxh5 Bf6 19. e4 Bg7 20. Qe3 Qe7 21. e5 f5 22. exf6 Qxf6 23. hxg6 h6 24. Rxh6 Bxh6 25. Qxh6 Qg7 26. Qh3 Rae8 27. Ng5 Bc8 28. Nf7 Rxf7 29. gxf7+ Kxf7 30. Qh5+ Ke7 31. Qh4+ Kd6 32. Qh7 Qxh7 33. Bxh7 Rh8 34. Bg6 Ne7 35. Bb1 Rh1+ 36. Ke2 e5 37. dxe5+ Kxe5 38. Nf3+ Kf4 39. Ne1 Bg4+ 40. Kd2 Rh2 0-1

[Event "World Senior chT-65 2019"]
[Site "Rhodes"]
[Date "2019.04.21"]
[Round "6.14"]
[White "Karasev, Vladimir I"]
[Black "Petschar, Kurt"]
[Result "1-0"]
[ECO "B30"]
[WhiteElo "2281"]
[BlackElo "2226"]
[Annotator "NA"]
[PlyCount "69"]
[EventDate "2019.04.16"]
[EventType "team-tourn"]
[EventCountry "GRE"]
[SourceTitle "playchess.com"]
[Source "ChessBase"]
[SourceQuality "1"]
[WhiteTeam "Russia"]
[BlackTeam "Austria"]
[WhiteTeamCountry "RUS"]
[BlackTeamCountry "AUT"]
[TimeControl "40/5400+30:1800+30"]

1. Nf3 c5 2. e4 Nc6 3. Bb5 e6 4. Bxc6 bxc6 5. e5 f6 6. O-O fxe5 7. Nxe5 Nf6 8. d3 d6 9. Nc4 Be7 10. f4 O-O 11. Nc3 Nd5 12. Bd2 Nb6 13. Qe2 Bd7 14. Rae1 Qc7 15. f5 e5 16. Qh5 Nxc4 17. dxc4 Qc8 18. g4 Qe8 19. Qxe8 Raxe8 20. h3 h5 21. Kg2 Rd8 22. Ne4 d5 23. Bg5 Bxg5 24. Nxg5 Rfe8 25. gxh5 e4 26. f6 gxf6 27. Rxf6 Rf8 28. Ref1 Rxf6 29. Rxf6 Be8 30. h6 Bh5 31. h7+ Kh8 32. Rh6 Be8 33. Re6 Bh5 34. Kg3 Re8 35. Rf6 1-0

[Event "World Senior chT-65 2019"]
[Site "Rhodes"]
[Date "2019.04.21"]
[Round "6.16"]
[White "Blechzin, Igor"]
[Black "Ager, Josef"]
[Result "1-0"]
[ECO "E66"]
[WhiteElo "2210"]
[BlackElo "2122"]
[Annotator "NA"]
[PlyCount "97"]
[EventDate "2019.04.16"]
[EventType "team-tourn"]
[EventCountry "GRE"]
[SourceTitle "playchess.com"]
[Source "ChessBase"]
[SourceQuality "1"]
[WhiteTeam "Russia"]
[BlackTeam "Austria"]
[WhiteTeamCountry "RUS"]
[BlackTeamCountry "AUT"]
[TimeControl "40/5400+30:1800+30"]

1. c4 g6 2. d4 Nf6 3. Nf3 Bg7 4. g3 O-O 5. Bg2 d6 6. O-O Nc6 7. d5 Na5 8. Nfd2 c5 9. Nc3 a6 10. Qc2 Rb8 11. b3 b5 12. Bb2 e5 13. dxe6 Bxe6 14. cxb5 axb5 15. Nce4 Nxe4 16. Nxe4 Bxb2 17. Qxb2 f6 18. Rfd1 Nb7 19. Qd2 Qe7 20. Qf4 g5 21. Qd2 Rbd8 22. Nc3 b4 23. Nd5 Qf7 24. a3 Na5 25. Qb2 Nc6 26. axb4 Nxb4 27. Nxb4 cxb4 28. Rd3 Qc7 29. Re3 Bf5 30. Bd5+ Kg7 31. Qd4 Qc5 32. Re7+ Kg6 33. Qxc5 dxc5 34. e4 Kh6 35. Raa7 Bg6 36. g4 Rfe8 37. Rxe8 Rxe8 38. f3 Rd8 39. Rc7 f5 40. gxf5 Bxf5 41. Rxc5 Bh3 42. Kf2 Rf8 43. Kg3 Bf1 44. Rc6+ Kg7 45. Rc7+ Kg6 46. e5 Bd3 47. Rb7 Rd8 48. Bf7+ Kf5 49. e6 1-0

[Event "World Senior chT-65 2019"]
[Site "Rhodes"]
[Date "2019.04.21"]
[Round "6.17"]
[White "Vaisser, Anatoli"]
[Black "Renman, Nils-Gustaf"]
[Result "1-0"]
[ECO "D10"]
[WhiteElo "2482"]
[BlackElo "2358"]
[Annotator "ChessBase"]
[PlyCount "127"]
[EventDate "2019.04.16"]
[EventType "team-tourn"]
[EventCountry "GRE"]
[SourceTitle "playchess.com"]
[Source "ChessBase"]
[SourceQuality "1"]
[WhiteTeam "France"]
[BlackTeam "Sweden"]
[WhiteTeamCountry "FRA"]
[BlackTeamCountry "SWE"]
[TimeControl "40/5400+30:1800+30"]

1. d4 d5 2. c4 c6 3. cxd5 cxd5 4. Bf4 Nf6 5. e3 a6 6. Bd3 Nc6 7. Nc3 Bg4 8. Nge2 e6 9. Rc1 Be7 10. O-O Rc8 11. a3 O-O 12. Na4 Nd7 13. Bg3 b5 14. f3 Bh5 15. Nc5 Nxc5 16. dxc5 Bg6 17. Nf4 Bxd3 18. Nxd3 Na5 19. b3 Bh4 20. Bxh4 Qxh4 21. Nb4 Qe7 22. Qc2 Qa7 23. Qc3 Rfd8 24. Rfd1 f6 25. Rd3 Rd7 26. Rd2 Rdc7 27. Nd3 Nc6 28. b4 Kf7 29. Rcd1 Rd7 30. Nf4 Qc7 31. Qc2 Rh8 32. Nd3 Rdd8 33. f4 g6 34. Qb3 Kg7 35. Ne1 d4 36. Nf3 dxe3 37. Qxe3 Rxd2 38. Rxd2 Rd8 39. Nd4 Nxd4 40. Rxd4 Kf7 41. Qd2 Rxd4 42. Qxd4 Qc6 43. Kf2 h5 44. Qd3 h4 45. Qf3 Qd7 46. Ke3 f5 47. g4 hxg3 48. hxg3 e5 49. fxe5 Ke6 50. Qa8 Kxe5 51. Qh8+ Ke6 52. Qd4 Qc6 53. Kf2 Qh1 54. Qd6+ Kf7 55. c6 Qh2+ 56. Ke3 Qg1+ 57. Kd2 Qf2+ 58. Kd3 Qf3+ 59. Kd4 Qf2+ 60. Kd5 Qf3+ 61. Kc5 Qe3+ 62. Qd4 Qxg3 63. Qd7+ Kg8 64. c7 1-0